 Dungeon Crawl Stone Soup version 0.31-a0-187-gba352fbbf7 (webtiles) character file.

Game seed: 14525026074612122025

86 qw the Shooter (level 4, -2/25 HPs)
             Began as a Deep Elf Hunter on June 22, 2023.
             Killed from afar by an orc wizard (5 damage)
             ... with a magic dart
             ... on level 3 of the Dungeon.
             The game lasted 00:00:38 (1971 turns).

qw the Shooter (Deep Elf Hunter)                    Turns: 1971, Time: 00:00:39

Health: -2/25      AC:  3    Str: 10    XL:     4   Next: 27%
Magic:  0/6        EV: 12    Int: 14    God:
Gold:   134        SH:  0    Dex: 18    Spells: 3/3 levels left

rFire   . . .        Y - +0 shortbow
rCold   . . .        (shield currently unavailable)
rNeg    . . .        c - +0 leather armour
rPois   .            (no helmet)
rElec   .            (no cloak)
rCorr   .            (no gloves)
SInv    .            (no boots)
Will    .....        h - amulet of guardian spirit
Stlth   +            (no ring)
HPRegen 0.24/turn    (no ring)
MPRegen 0.10/turn

%: guardian spirit
@: confused
A: no striking features
a: no special abilities


You were on level 3 of the Dungeon.
You visited 1 branch of the dungeon, and saw 3 of its levels.

You collected 134 gold pieces.


   Skills:
 - Level 1.5 Fighting
 + Level 7.7 Ranged Weapons
 - Level 2.4 Dodging
 - Level 1.2 Stealth


You had 3 spell levels left.
You didn't know any spells.
Your spell library was empty.

Inventory:

Hand Weapons
 Y - a +0 shortbow (weapon)
Armour
 c - a +0 leather armour (worn)
Jewellery
 h - an amulet of guardian spirit (around neck)
Potions
 a - a potion of ambrosia {unknown}
 d - a potion of invisibility {unknown}
 e - a potion of mutation {unknown}
 f - a potion of magic {unknown}
 g - a potion of curing {unknown}
 i - a potion of heal wounds {unknown}
 j - a potion of degeneration {unknown}
 k - 2 potions of haste {unknown}

Dungeon Overview and Level Annotations

Branches:
Dungeon (3/15)

Altars:
The Shining One


Message History

You shoot an arrow.
The arrow hits the orc but does no damage.
Something hits you. The orc hits you but does no damage.
You shoot an arrow.
The arrow hits the orc but does no damage.
Something hits you. The orc closely misses you.
You shoot an arrow. The arrow closely misses the orc.
Something hits you. The orc hits you but does no damage.
You shoot an arrow. The arrow hits the orc!
You kill the orc!
Something hits you.
You shoot an arrow. The arrow barely misses the orc.
Something hits you but does no damage. The orc barely misses you.
You shoot an arrow. The arrow closely misses the orc.
Something hits you. The orc hits you with a +0 club.
You shoot an arrow.
The arrow hits the orc but does no damage.
Something hits you. The orc closely misses you.
You shoot an arrow. The arrow hits the orc.
The orc is heavily wounded.
Something hits you but does no damage. The orc completely misses you.
You shoot an arrow. The arrow closely misses the orc.
Something hits you. The orc barely misses you.
You shoot an arrow. The arrow closely misses the orc.
Something hits you. The orc hits you with a +0 club.
You shoot an arrow. The arrow barely misses the orc.
Something hits you. The orc closely misses you.
You shoot an arrow. The arrow closely misses the orc.
You hear some strange, mumbled words.
Something tries to affect you, but you resist.
The orc hits you but does no damage.
You shoot an arrow. The arrow closely misses the orc.
You hear some strange, mumbled words.
You are confused.
The orc hits you with a +0 club. The orc hits you but does no damage.
Something hits you.
You hear some strange, mumbled words.
A magic dart appears from out of thin air!
The magic dart hits you.
You die...

##.# ###.%.#
#.## #..#.....
#..#
########.####..#
##.# ##........#
## #.#
##..########
####.## #..##
##.....## #.##
##.......## #.#
#.........# #@#
#.........#
#{or.....
#...>.....#
######.[.
#.....)...#
#.........#
#.........#
#........<#
#........)#
#.........#


You could see an orc and a quokka.

Vanquished Creatures
  2 gnolls (D:3)
  An adder (D:2)
  A worm (D:3)
  A dart slug (D:3)
  2 orcs (D:3)
  2 ball pythons (D:3)
  3 bats
  8 endoplasms
  A giant cockroach (D:3)
  7 goblins
  5 hobgoblins
  6 kobolds
  2 quokkas
  4 frilled lizards
  2 rats
47 creatures vanquished.

Notes
Turn   | Place    | Note
-------+----------+-------------------------------------------
     0 | D:1      | qw the Deep Elf Hunter began the quest for the Orb.
     0 | D:1      | Reached XP level 1. HP: 12/12 MP: 3/3
     0 | D:1      | 0 ||| qw: Version: 0.3-a-9-g12657ce
     0 | D:1      | 0 ||| qw: Game counter: 2426
     0 | D:1      | 0 ||| qw: Always use a shield: true
     0 | D:1      | 0 ||| qw: God list: Okawaru
     0 | D:1      | 0 ||| qw: Allow faded altars: false
     0 | D:1      | 0 ||| qw: Do Orc after D:15 true
     0 | D:1      | 0 ||| qw: Do second Lair branch before Depths: true
     0 | D:1      | 0 ||| qw: Lair rune preference: random
     0 | D:1      | 0 ||| qw: Plans: Normal
     0 | D:1      | 0 ||| PLANNING D:1-11
   251 | D:1      | Reached XP level 2. HP: 14/16 MP: 4/4
   309 | D:1      | Reached skill level 6 in Ranged Weapons
   601 | D:1      | Found a faded altar of an unknown god.
   801 | D:1      | 801 ||| UPGRADING to amulet of guardian spirit.
   806 | D:1      | 806 ||| READING scroll labelled EMOUCU RUUX.
   810 | D:1      | 810 ||| READING 2 scrolls labelled WEBEZUT VYRAU.
   811 | D:1      | 811 ||| DROPPING scroll of butterflies.
   812 | D:1      | 812 ||| DROPPING scroll of fog.
   994 | D:2      | Reached XP level 3. HP: 20/20 MP: 5/5
  1210 | D:2      | Found a glowing golden altar of the Shining One.
  1509 | D:2      | 1509 ||| READING scroll labelled MOAVUSCH OVIA.
  1542 | D:3      | Reached skill level 7 in Ranged Weapons
  1741 | D:3      | Reached XP level 4. HP: 16/25 MP: 3/6
  1745 | D:3      | HP: 4/25 [gnoll/+0 club (3)]
  1746 | D:3      | 1746 ||| READING scroll of teleportation.
  1747 | D:3      | HP: 1/25 [gnoll/+0 club (4)]
  1941 | D:3      | 1941 ||| Stepping ~*~*~tactically~*~*~ (outnumbered).
  1943 | D:3      | 1943 ||| Stepping ~*~*~tactically~*~*~ (outnumbered).
  1945 | D:3      | 1945 ||| Stepping ~*~*~tactically~*~*~ (outnumbered).
  1947 | D:3      | 1947 ||| Stepping ~*~*~tactically~*~*~ (outnumbered).
  1970 | D:3      | HP: 5/25 [orc/+0 club (3)]
  1971 | D:3      | Killed from afar by an orc wizard

Levels and vault maps discovered:
D:1:      mushboom_english_gardens, layout_basic,
          shapermc_ecumenical_altar_notcrosses
D:2:      layout_basic, basic_altar
D:3:      layout_rooms, uniq_jessica

Skill      XL: |  1  2  3 |
---------------+----------+-----
Ranged Weapons | 6 7 |  7.7
Fighting       | |  1.5
Dodging        | |  2.4
Stealth        | |  1.2

Action                     |  1- 3 |  4- 6 || total
---------------------------+-------+-------++-------
   Fire: Shortbow          |   105 |    45 ||   150
    Use: Scroll            |     3 |     1 ||     4
 Armour: Leather armour    |     8 |    13 ||    21
  Dodge: Dodged            |    35 |    18 ||    53

Table legend:
 A = Non-vault XP
 B = Vault XP
 C = Vault XP percentage of total XP
 D = Non-vault monster count
 E = Vault monster count
 F = Vault count percentage of total count
                 A         B        C        D         E       F
            +---------+---------+-------+---------+---------+-------
      Total |     124 |       0 |   0.0 |      47 |       0 |   0.0
            +---------+---------+-------+---------+---------+-------
        D:1 |      21 |       0 |   0.0 |      11 |       0 |   0.0
        D:2 |      33 |       0 |   0.0 |      13 |       0 |   0.0
        D:3 |      70 |       0 |   0.0 |      23 |       0 |   0.0
            +---------+---------+-------+---------+---------+-------
